 Dungeon Crawl Stone Soup version 0.23.0 (webtiles) character file.

Game seed: 17503433789378648046

52 Monsterracer the Chopper (level 3, 23/23 HPs)
             Began as a Gargoyle Fighter on Feb 8, 2019.
             Quit the game on level 2 of the Dungeon.
             The game lasted 00:01:17 (1083 turns).

Monsterracer the Chopper (Gargoyle Fighter)         Turns: 1083, Time: 00:01:17

Health: 23/23      AC: 11    Str: 20    XL:     3   Next: 85%
Magic:  3/3        EV:  7    Int:  8    God:
Gold:   127        SH:  9    Dex:  9    Spells: 2/2 levels left

rFire    . . .     SeeInvis .   i - -3 hand axe (curse)
rCold    . . .     Gourm    .   j - +0 shield
rNeg     + . .     Faith    .   b - +0 scale mail
rPois    ∞         Spirit   .   (no helmet)
rElec    +         Reflect  .   f - +0 cloak
rCorr    .         Harm     .   (no gloves)
MR       .....     Rnd*Tele +   (no boots)
Stlth    ..........             k - amulet of inaccuracy (curse)
HPRegen  0.07/turn              e - ring of teleportation (curse)
MPRegen  0.08/turn              (no ring)

@: no status effects
A: negative energy resistance 1, electricity resistance, unbreathing,
petrification resistance, rot immunity, AC +3
a: no special abilities


You were on level 2 of the Dungeon.
You were not hungry.

You visited 1 branch of the dungeon, and saw 2 of its levels.

You collected 127 gold pieces.

Inventory:

Hand Weapons
 a - a +0 war axe
 i - a cursed -3 hand axe (weapon)
Armour
 b - a +0 scale mail (worn)
 f - a +0 cloak (worn)
 j - a +0 shield (worn)
Jewellery
 e - a cursed ring of teleportation (left hand)
 k - a cursed amulet of inaccuracy (around neck)
Scrolls
 h - a scroll of fog
 l - a scroll of remove curse {unknown}
Potions
 d - a potion of might
 g - a potion of degeneration
Comestibles
 c - 3 rations


   Skills:
 - Level 3.2 Fighting
 * Level 3.6 Axes
 - Level 3.2 Armour
 - Level 3.2 Shields


You had 2 spell levels left.
You didn't know any spells.
Your spell library was empty.

Dungeon Overview and Level Annotations

Branches:
Dungeon (2/15)

Altars:


Innate Abilities, Weirdness & Mutations

You are resistant to torment.
Your stone body is resilient. (AC +3)
You are immune to poison.
You resist negative energy. (rN+)
You are resistant to electric shocks. (rElec)
You can survive without breathing.
You are immune to petrification.
You are immune to rotting.


Message History

You hit the frilled lizard.
You kill the frilled lizard!
No target in view!
No target in view!
No target in view!
No target in view!
You feel strangely unstable.
You are suddenly yanked towards a nearby monster!
Your surroundings suddenly seem different.
A quokka skeleton comes into view.
You block the quokka skeleton's attack.
Health restored: 23 A quokka skeleton is nearby!
A quokka skeleton is nearby!
You are a level 3 Gargoyle Fighter.
You are 77% of the way to level 4.
Play time: 00:01:03 (956 turns)
You hit the quokka skeleton but do no damage.
You block the quokka skeleton's attack.
You slash the quokka skeleton!
You destroy the quokka skeleton!
Found a stone staircase leading up.
No target in view!
Found a cloak.
Found a stone staircase leading down.
No target in view!
A leopard gecko comes into view.
The leopard gecko hisses angrily.
You see here 6 gold pieces.
A leopard gecko is nearby!
You block the leopard gecko's attack.
A leopard gecko is nearby!
Your shield prevents you from hitting the leopard gecko.
The leopard gecko bites you but does no damage.
The leopard gecko barely misses you.
A leopard gecko is nearby!
You miss the leopard gecko. The leopard gecko closely misses you.
A leopard gecko is nearby!
You miss the leopard gecko. You block the leopard gecko's attack.
Your shield prevents you from hitting the leopard gecko.
You block the leopard gecko's attack. The leopard gecko barely misses you.
You hit the leopard gecko.
The leopard gecko is heavily wounded.
The leopard gecko bites you.
You take 2 damage, and have 21/23 hp.
You hit the leopard gecko but do no damage.
The leopard gecko is heavily wounded.
The leopard gecko completely misses you.
You block the leopard gecko's attack.
You closely miss the leopard gecko.
The leopard gecko is heavily wounded.
You block the leopard gecko's attack.
You miss the leopard gecko.
The leopard gecko is heavily wounded.
The leopard gecko bites you but does no damage.
Your shield and scale mail prevent you from hitting the leopard gecko.
The leopard gecko is heavily wounded.
The leopard gecko bites you but does no damage. x2
Your shield prevents you from hitting the leopard gecko.
The leopard gecko is heavily wounded.
You block the leopard gecko's attack.
You hit the leopard gecko.
You kill the leopard gecko!
No target in view!
No target in view!
You see here a cloak.
f - a cloak Wear which item? (? for menu, Esc to quit)
You don't have any such object.
Wear which item? (? for menu, Esc to quit)
You start putting on your armour.
You continue putting on your cloak. x4
You finish putting on your +0 cloak.
You are feeling hungry.
You now have 107 gold pieces (gained 6).
You now have 110 gold pieces (gained 3).
You butcher the leopard gecko corpse.
k - a chunk of flesh You see here a leopard gecko skeleton. x2
Eating a chunk of flesh.
You eat the chunk of flesh.
This raw flesh tastes terrible.
k - a dented steel amulet Health restored: 23 You now have 115 gold pieces (gained 5).
You now have 127 gold pieces (gained 12).
l - a scroll labeled NISACU RYEQUSIO An adder comes into view.
The adder hisses angrily.
You see here a club.
Wear which item? (? for menu, Esc to quit)
Okay, then.
Put on which piece of jewellery? (? for menu, Esc to quit)
Oops, that amulet feels deathly cold.
k - a cursed amulet of inaccuracy (around neck)
You closely miss the adder. The adder barely misses you.
You block the adder's attack.
You completely miss the adder. You block the adder's attack.
You miss the adder. You block the adder's attack.
The adder completely misses you.
You barely miss the adder. The adder bites you but does no damage.
You closely miss the adder. You block the adder's attack.
The adder bites you but does no damage.
Are you sure you want to abandon this character and quit the game? (Confirm with "yes".)

### ######### ###.#
#.......# ##...#
#.......# ####...##
#.......#######.....##
#...................#
#.......).#####.....#
##.......#..#
####.####
#[....S@###...#
##..#... #.......#
##.# #..#....
#.......# #.....#.....
#..!....# #....##.....
#.......# ##..........
#.....†.# ##.####....
#......... #...###...
#.......##.# #
#....... #..>....# #
########


You could see an adder.

Vanquished Creatures
  An adder (D:2)
  An ooze (D:1)
  2 dart slugs
  A leopard gecko (D:2)
  3 goblins (D:2)
  3 hobgoblins
  4 jackals (D:1)
  A quokka (D:2)
  4 bats (D:1)
  A frilled lizard (D:2)
  5 kobolds
  A quokka skeleton (D:2)
  7 rats
34 creatures vanquished.

Notes
Turn   | Place    | Note
-------+----------+-------------------------------------------
     0 | D:1      | Monsterracer the Gargoyle Fighter began the quest for the
                  | Orb.
     0 | D:1      | Reached XP level 1. HP: 14/14 MP: 1/1
   157 | D:1      | Reached XP level 2. HP: 18/19 MP: 2/2
   441 | D:1      | Reached XP level 3. HP: 23/23 MP: 3/3
  1083 | D:2      | Quit the game

Skill      XL: |  1  2 |
---------------+-------+-----
Axes           | 2 3 |  3.6
Fighting       | |  3.2
Armour         | |  3.2
Shields        | |  3.2

Action                   || total
-------------------------++-------
Melee: War axe           ||    59
       Hand axe          ||    42
  Use: Scroll            ||     3
  Eat: Chunk             ||     1
Armor: Scale mail        ||    61
Dodge: Dodged            ||    33
Block: Shield            ||    52

Levels and vault maps discovered:
D:1:      wander_arrival_abandoned_jail, layout_basic,
          minmay_misc_feat_secret_circle
D:2:      layout_rooms, lemuel_zombie_altar_yredelemnul, chequers_jeans,
          minmay_pentomino_pile
